 Dungeon Crawl Stone Soup version 0.31-a0-983-g7b6862f502 (webtiles) character file.

Game seed: 16806984985527329035

282 Hubris850 the Ruffian (level 6, -7/45 HPs)
             Began as a Minotaur Summoner on Nov 2, 2023.
             Was an Initiate of Ru.
             Mangled by an ice beast (11 damage)
             ... on level 4 of the Dungeon.
             The game lasted 00:06:47 (2806 turns).

Hubris850 the Ruffian (Minotaur Summoner)           Turns: 2806, Time: 00:06:47

Health: -7/45      AC:  0    Str: 14    XL:     6   Next: 6%
Magic:  7/7        EV: 12    Int: 12    God:    Ru [......]
Gold:   202        SH:  0    Dex: 11    Spells: 6/7 levels left

rFire   . . .        u - +1 whip (elec)
rCold   . . .        (no shield)
rNeg    . . .        a - +0 robe
rPois   .            (helmet restricted)
rElec   .            v - scarf {shadows}
rCorr   .            n - +0 pair of gloves
SInv    .            j - +0 pair of boots
Will    .....        (no amulet) Stlth
                     (no ring)
HPRegen 0.27/turn    (no ring)
MPRegen 0.10/turn

%: no passive effects
@: corroded
A: horns 2, no stealth, retaliatory headbutt
a: Renounce Religion


You were on level 4 of the Dungeon.
You worshipped Ru.
Ru was noncommittal.
You visited 1 branch of the dungeon, and saw 4 of its levels.

You collected 202 gold pieces.

Inventory:

Hand Weapons
 g - a +0 dagger
 k - a +2 whip of draining
 l - a +2 whip of holy wrath
 u - a +1 whip of electrocution (weapon)
Missiles
 x - 4 atropa-tipped darts
Armour
 a - a +0 robe (worn)
 j - a +0 pair of boots (worn)
 n - a +0 pair of gloves (worn)
 v - a scarf of shadows (worn)
Talismans
 c - a flux talisman
 m - a maw talisman
Scrolls
 d - a scroll of poison {unknown}
 e - 3 scrolls of identify {unknown}
 i - 2 scrolls of fear {unknown}
 o - a scroll of vulnerability {unknown}
 p - a scroll of amnesia {unknown}
 s - a scroll of summoning {unknown}
 w - 2 scrolls of teleportation {unknown}
Potions
 b - a potion of magic
 f - 3 potions of lignification {unknown}
 h - a potion of enlightenment {unknown}
 q - 2 potions of curing {unknown}
 r - a potion of haste {unknown}
 t - a potion of berserk rage {unknown}
 z - a potion of invisibility {unknown}


   Skills:
 - Level 2.1 Dodging
 + Level 4.5 Unarmed Combat
 - Level 1.3 Spellcasting
 - Level 2.9 Summonings
 + Level 3.0 Shapeshifting


You had 6 spell levels left.
You knew the following spells:

 Your Spells              Type           Power      Damage    Failure   Level
a - Summon Small Mammal   Summ           28%        N/A       9%          1

Your spell library contained the following spells:

 Spells                   Type           Power      Damage    Failure   Level
 Call Imp                 Summ           14%        N/A       13%         2
 Call Canine Familiar     Summ           7%         N/A       26%         3
 Summon Guardian Golem    Hex/Summ       4%         N/A       43%         3
 Tukima's Dance           Hex            0%         N/A       65%         3
 Summon Lightning Spire   Summ/Air       4%         N/A       83%         4
 Passage of Golubria      Tloc           0%         N/A       96%         4
 Yara's Violent Unravell  Hex/Tmut       0%         3d3       100%        5


Dungeon Overview and Level Annotations

Branches:
Dungeon (4/15)
 Temple: D:4-7

Altars:
Hepliaklqana
Nemelex Xobeh
Qazlal
Ru
Uskayaw
Yredelemnul

Shops:
D:1 (?


Innate Abilities, Weirdness & Mutations

You have a pair of horns on your head.
You cannot be stealthy.
You reflexively headbutt those who attack you in melee.


Message History

No target in view!
z - a fizzy blue potion
Found a stone staircase leading down.
A worm comes into view.
The worm bites you but does no damage.
You hit the worm.
The worm is moderately wounded.
The worm misses you.
You completely miss the worm.
You headbutt the worm, but do no damage.
The worm is lightly wounded.
You hit the worm. You headbutt the worm!
You kill the worm!
You now have 202 gold pieces (gained 11).
Found 5 stones.
A jelly comes into view.
The jelly quivers.
You see here 5 stones.
An ice beast comes into view.
You hit the jelly.
Your hands burn!
You headbutt the jelly!
The jelly is almost dead.
The jelly hits you. The acid corrodes you!
You are splashed with acid!
The jelly hits you.
You are splashed with acid!
You hit the jelly.
You kill the jelly!
You have reached level 6!
You barely miss the ice beast. The ice beast hits you.
The ice beast freezes you.
* * * LOW HITPOINT WARNING * * *
You hit the ice beast.
Lightning courses through the ice beast!!
The ice beast is severely wounded.
The ice beast closely misses you. You furiously retaliate!
You headbutt the ice beast! You hit the ice beast but do no damage.
Your headbutt misses the ice beast.
The ice beast is almost dead.
The ice beast hits you.
* * * LOW HITPOINT WARNING * * *
The ice beast freezes you!
You die...

#.........###.#.#§....
##.#.#......
#.#.PP.§PP
.........#.##.#...PP..
#.......#........PP..
#.......###..#..§._P#
#....#.## #...P......
#..(.#.# ##...P..##P.
##.#.#.# #..>...P.§P#
#.#@#.###.###......P
..#Y#............P.#
####.##...#..........
#.##...#####....##
#.##...# #....#
#.##...# ######
#.##...# #####


You could see an ice beast.

Vanquished Creatures
  A jelly (D:4)
  Natasha (thrice) (D:4)
  An orc wizard (D:3)
  5 adders
  3 worms
  3 dart slugs
  9 orcs (D:3)
  4 bats
  9 endoplasms
  5 giant cockroaches
  8 goblins
  4 hobgoblins
  9 jackals
  2 quokkas
  8 ball pythons
  3 frilled lizards
  2 kobolds
  4 rats
83 creatures vanquished.

Notes
Turn   | Place    | Note
-------+----------+-------------------------------------------
     0 | D:1      | Hubris850 the Minotaur Summoner began the quest for the
                  | Orb.
     0 | D:1      | Reached XP level 1. HP: 14/14 MP: 1/1
     1 | D:1      | Found Gyit's Weapon Shoppe.
    69 | D:1      | Reached skill level 1 in Unarmed Combat
   178 | D:1      | Found Ririjuj's Magic Scroll Shoppe.
   186 | D:1      | Reached XP level 2. HP: 20/20 MP: 3/3
   265 | D:1      | You fall into a shaft and drop 1 floor!
   581 | D:1      | Reached skill level 1 in Shapeshifting
   844 | D:2      | Reached skill level 2 in Unarmed Combat
   844 | D:2      | Reached XP level 3. HP: 26/26 MP: 4/4
   859 | D:2      | Found a sacrificial altar of Ru.
   883 | D:2      | Became a worshipper of Ru the Awakened
  1011 | D:2      | Reached XP level 4. HP: 33/33 MP: 5/5
  1458 | D:2      | Reached skill level 3 in Unarmed Combat
  1786 | D:3      | Reached XP level 5. HP: 18/38 MP: 6/6
  1989 | D:3      | Found a sparkling altar of Nemelex Xobeh.
  1990 | D:3      | Gained mutation: You cannot be stealthy. [Ru sacrifice]
  2285 | D:3      | Found a stormy altar of Qazlal.
  2285 | D:3      | Found a hide-covered altar of Uskayaw.
  2549 | D:4      | Noticed Natasha
  2556 | D:4      | Killed Natasha
  2669 | D:4      | Reached skill level 4 in Unarmed Combat
  2682 | D:4      | Found a basalt altar of Yredelemnul.
  2725 | D:4      | Found a hazy altar of Hepliaklqana.
  2749 | D:4      | Noticed Natasha
  2752 | D:4      | Killed Natasha
  2754 | D:4      | Noticed Natasha
  2759 | D:4      | Killed Natasha
  2800 | D:4      | Noticed an ice beast
  2804 | D:4      | Reached XP level 6. HP: 17/45 MP: 7/7
  2806 | D:4      | Mangled by an ice beast

Illustrated notes

Levels and vault maps discovered:
D:1:      ncdulo_watergridlock, layout_basic, serial_shops, shop, shop
D:2:      layout_loops_ring, basic_altar, chequers_mini_garden
D:3:      layout_loops_corners, mainiacjoe_overflow_24_doors,
          gammafunk_temple_overflow_wave
D:4:      layout_basic, lemuel_round_altar, makhleb_blood_cavern_becter,
          nicolae_hepliaklqana_hazy_memory, uniq_natasha

Skill      XL: |  1  2  3  4  5 |
---------------+----------------+-----
Unarmed Combat | 1 2 3 4 |  4.5
Shapeshifting  | 1 2 3 |  3.0
Stealth        | 0 |  0.0
Dodging        | |  2.1
Spellcasting   | |  1.3
Summonings     | |  2.9

Action                     |  1- 3 |  4- 6 || total
---------------------------+-------+-------++-------
  Melee: Unarmed           |    20 |       ||    20
         Headbutt          |    10 |    17 ||    27
         Punch             |     4 |     3 ||     7
         Dagger            |    29 |       ||    29
         Whip              |    29 |   103 ||   132
 Invoke: Sacrifice Stealth |       |     1 ||     1
   Stab: Sleeping          |     3 |     2 ||     5
 Armour: Robe              |    41 |    62 ||   103
  Dodge: Dodged            |    51 |    56 ||   107

Table legend: (Time is in decaauts)
 A = Elapsed time spent in this place.
 B = Non-inter-level travel time spent in this place.
 C = Inter-level travel time spent in this place.
 D = Time resting spent in this place.
 E = Time spent auto-exploring this place.
 F = Levels seen in this place.
 G = Mean time per level.
                   A        B        C        D        E       F      G
               +--------+--------+--------+--------+--------+-----+--------+
         Total |   2816 |   2753 |     63 |    157 |   2071 |   4 |  704.0 |
       Dungeon |   2816 |   2753 |     63 |    157 |   2071 |   4 |  704.0 |
               +--------+--------+--------+--------+--------+-----+--------+

Top non-repeatable levels by time:
     D:3: 972 daAuts
     D:1: 799 daAuts
     D:2: 693 daAuts
     D:4: 350 daAuts
